 Dungeon Crawl Stone Soup version 0.27.1-3-gb3d3a73c9e (webtiles) character file.

Game seed: 4102591405184741177

3262 pkoi the Carver (level 9, -16/85 HPs)
             Began as a Minotaur Gladiator on Oct 7, 2021.
             Was an Elder of the Shining One.
             Demolished by a gargoyle (19 damage)
             ... on level 7 of the Dungeon.
             The game lasted 00:09:50 (8813 turns).

pkoi the Carver (Minotaur Gladiator)                Turns: 8813, Time: 00:09:51

Health: -16/85     AC:  4    Str: 21    XL:     9   Next: 68%
Magic:  0/8        EV: 12    Int:  5    God:    the Shining One [****..]
Gold:   337        SH:  0    Dex: 13    Spells: 8/8 levels left

rFire    . . .     SeeInvis .   a - +1 long sword
rCold    . . .     Faith    .   (no shield)
rNeg     + + .     Spirit   +   b - +0 leather armour
rPois    .         Reflect  .   c - +0 hat
rElec    .         Harm     .   (no cloak)
rCorr    .         Rampage  .   (no gloves)
Will     .....                  (no boots)
Stlth    +.........             o - amulet of guardian spirit
HPRegen  0.24/turn              (no ring)
MPRegen  0.11/turn              (no ring)

@: glowing
A: horns 2, retaliatory headbutt
a: Renounce Religion, Divine Shield, Cleansing Flame


You were on level 7 of the Dungeon.
You worshipped the Shining One.
The Shining One was greatly pleased with you.
You visited 1 branch of the dungeon, and saw 7 of its levels.
You also visited: Ossuary.

You collected 337 gold pieces.

Inventory:

Hand Weapons
 a - a +1 long sword (weapon)
 j - the +4 war axe of Ifrirynkeu {speed, Will+ Int+3}
   (You took it off an orc on level 6 of the Dungeon)

   Attacks with this weapon are significantly faster.
   Int:       It affects your intelligence (+3).
   Will:      It increases your willpower.
Missiles
 d - 3 throwing nets
 e - 17 boomerangs (quivered)
Armour
 b - a +0 leather armour (worn)
 c - a +0 hat (worn)
Jewellery
 h - an amulet of reflection
 o - an amulet of guardian spirit (around neck)
Scrolls
 i - 2 scrolls of magic mapping
 k - 2 scrolls of amnesia
 n - a scroll of summoning {unknown}
 q - a scroll of identify
 t - 2 scrolls of teleportation
Potions
 f - 2 potions of magic
 g - a potion of curing {unknown}
 l - 3 potions of might
 m - a potion of resistance
 p - a potion of haste {unknown}
 r - 3 potions of brilliance {unknown}


   Skills:
 + Level 9.6 Fighting
 + Level 10.3 Long Blades
 - Level 2.0 Throwing
 + Level 9.3 Armour
 - Level 3.2 Dodging


You had 8 spell levels left.
You didn't know any spells.
Your spell library contained the following spells:

 Spells                   Type           Power      Damage    Failure   Level
 Corpse Rot               Necr/Air       N/A        N/A       65%         2
 Passwall                 Tmut/Erth      0%         N/A       65%         2
 Poisonous Vapours        Pois/Air       0%         N/A       65%         2
 Summon Guardian Golem    Hex/Summ       0%         N/A       87%         3
 Swiftness                Air            0%         N/A       87%         3
 Animate Dead             Necr           0%         N/A       99%         4
 Fulminant Prism          Conj/Hex       0%         3d6       99%         4
 Iskenderun's Mystic Bla  Conj/Tloc      0%         2d3       99%         4
 Borgnjor's Vile Clutch   Necr/Erth      0%         N/A       100%        5
 Freezing Cloud           Conj/Ice/Air   0%         6-21      100%        5
 Lee's Rapid Deconstruct  Erth           0%         3d5*      100%        5
 Death Channel            Necr           0%         N/A       100%        6
 Invisibility             Hex            0%         N/A       100%        6
 Orb of Destruction       Conj           0%         N/A       100%        7
 Spellforged Servitor     Conj/Summ      0%         N/A       100%        7


Dungeon Overview and Level Annotations

Branches:
Dungeon (7/15)            Ossuary (visited)
 Temple: D:4-7

Altars:
Fedhas
Wu Jian
The Shining One

Annotations:
D:3 2 transporters, GravelGoth's ghost, weakling MfBe


Innate Abilities, Weirdness & Mutations

You have a pair of horns on your head.
You reflexively headbutt those who attack you in melee.


Message History

The gargoyle is heavily damaged.
The gargoyle hits you with a +2 vorpal mace!
* * * LOW HITPOINT WARNING * * *
x2 Unknown command.
You hit the gargoyle but do no damage.
You headbutt the gargoyle, but do no damage.
The gargoyle is heavily damaged.
Unknown command.
You hit the gargoyle.
The gargoyle is severely damaged.
The gargoyle hits you with a +2 vorpal mace.
* * * LOW HITPOINT WARNING * * *
x2 Unknown command.
Unknown command.
You hit the gargoyle but do no damage. Your headbutt misses the gargoyle.
The gargoyle is severely damaged.
The gargoyle hurls a stone arrow at you.
The stone arrow hits you!!
* * * LOW HITPOINT WARNING * * *
Unknown command.
You hit the gargoyle but do no damage.
You headbutt the gargoyle, but do no damage.
The gargoyle is heavily damaged.
The gargoyle hurls a stone arrow at you.
The stone arrow misses you.
Unknown command.
You hit the gargoyle.
You headbutt the gargoyle, but do no damage.
The gargoyle is severely damaged.
The gargoyle hits you with a +2 vorpal mace.
* * * LOW HITPOINT WARNING * * *
x2 Unknown command.
You hit the gargoyle but do no damage.
The gargoyle is severely damaged.
The gargoyle hits you with a +2 vorpal mace.
* * * LOW HITPOINT WARNING * * *
x2 You hit the gargoyle but do no damage.
You headbutt the gargoyle!
The gargoyle is almost destroyed.
The gargoyle hits you with a +2 vorpal mace!!
You die...

#...... #. #...... # #.
#...... #.#. #############
#......
.##.#.##...........####......
....................)........
#.#.#...#######...#)#......
#.#.###9###!###.#.#......
#...# ##@.)## #...#######
#..###+.....+###..#
#..#8#.......# #..#
#............+ #..#
#........8....##..#
#............+##..# ####
#..#8#.......# #...
....###+.....+# #... ..#...
##+.+## ....


You could see a gargoyle.

Vanquished Creatures
  A gargoyle (D:7)
  Prince Ribbit (D:5)
  A shadow (D:5)
  5 yaks
  A wyvern (D:6)
  A steam dragon (D:7)
  An ice beast (D:6)
  A necrophage (D:4)
  4 ogres
  A bullfrog (D:6)
  A scorpion (D:6)
  5 water moccasin zombies
  2 centaur zombies
  A bullfrog skeleton (D:5)
  A hound (D:6)
  2 orc priests
  A centaur skeleton (D:5)
  5 iguanas
  An orc wizard (D:7)
  3 mummies
  9 adders
  4 gnolls
  2 river rats (D:4)
  3 shadow imps
  A white imp (D:6)
  2 adder skeletons (D:4)
  6 adder zombies
  4 worms
  A dart slug (D:1)
  6 orcs
  7 ball pythons
  7 endoplasms
  3 giant cockroaches
  7 goblins
  6 hobgoblins
  6 jackals (D:1)
  7 kobolds
  2 quokkas
  6 bats
  7 frilled lizards
  5 gnoll zombies (Ossuary)
  6 hobgoblin zombies (Ossuary)
  4 kobold zombies (Ossuary)
  9 orc zombies
  6 rats
165 creatures vanquished.

Notes
Turn   | Place    | Note
-------+----------+-------------------------------------------
     0 | D:1      | pkoi the Minotaur Gladiator began the quest for the Orb.
     0 | D:1      | Reached XP level 1. HP: 18/18 MP: 0/0
   137 | D:1      | Reached skill level 4 in Long Blades
   219 | D:1      | Reached XP level 2. HP: 24/25 MP: 1/1
   388 | D:1      | Found a faded altar of an unknown god.
   498 | D:1      | Reached skill level 1 in Armour
   730 | D:1      | Reached XP level 3. HP: 30/30 MP: 2/2
  1518 | D:2      | Reached XP level 4. HP: 33/38 MP: 3/3
  2008 | D:3      | Found a transporter.
  2008 | D:3      | Noticed GravelGoth's ghost (weakling MfBe)
  2014 | D:3      | Reached skill level 5 in Long Blades
  2082 | D:3      | Found a transporter.
  2784 | D:3      | Found a glowing golden altar of the Shining One.
  2794 | D:3      | Became a worshipper of the Shining One
  2910 | D:4      | Identified a scroll of acquirement
  2910 | D:4      | Acquired an amulet of guardian spirit
  3015 | D:4      | Noticed a necrophage
  3022 | D:4      | Killed a necrophage
  3023 | D:4      | Reached XP level 5. HP: 29/47 MP: 1/4
  3439 | D:4      | Found an ornate altar of the Wu Jian Council.
  3459 | D:4      | Reached XP level 6. HP: 39/53 MP: 3/5
  3641 | D:4      | Reached skill level 6 in Long Blades
  3761 | D:4      | Reached * piety under the Shining One
  3942 | D:4      | Reached skill level 5 in Fighting
  4185 | D:5      | Entered Level 5 of the Dungeon
  4235 | D:5      | Noticed Prince Ribbit
  4245 | D:5      | Killed Prince Ribbit
  4246 | D:5      | Reached skill level 5 in Armour
  4246 | D:5      | Reached XP level 7. HP: 28/61 MP: 2/6
  4310 | D:5      | HP: 2/62 [orc priest/divine providence (10)]
  4317 | D:5      | HP: 4/94 [orc (1)]
  4381 | D:5      | Found a sand-covered staircase.
  4386 | D:5      | Reached skill level 7 in Long Blades
  4480 | Ossuary  | Entered an ossuary
  4655 | Ossuary  | Reached ** piety under the Shining One
  4714 | Ossuary  | Reached *** piety under the Shining One
  4931 | Ossuary  | Reached XP level 8. HP: 71/71 MP: 7/7
  5308 | D:5      | Reached **** piety under the Shining One
  5366 | D:5      | Reached skill level 8 in Long Blades
  5722 | D:3      | Found a transporter.
  5724 | D:3      | Found a transporter.
  6359 | D:3      | Found a glowing golden altar of the Shining One.
  6745 | D:5      | Reached skill level 9 in Long Blades
  6754 | D:5      | Reached XP level 9. HP: 34/82 MP: 3/8
  7608 | D:6      | Identified the +4 war axe of Ifrirynkeu {speed, Will+
                  | Int+3}
  8364 | D:6      | Found a blossoming altar of Fedhas.
  8502 | D:7      | Reached skill level 10 in Long Blades
  8779 | D:7      | Noticed a gargoyle
  8785 | D:7      | Killed a gargoyle
  8800 | D:7      | Noticed a gargoyle
  8812 | D:7      | HP: 4/85 [gargoyle (3)]
  8813 | D:7      | Demolished by a gargoyle

Illustrated notes

Levels and vault maps discovered:
D:1:      doesnt_arrival_eight_statues, layout_loops_ring,
          hellmonk_ecumenical_altar_zigzags, st_stairs_7
D:2:      layout_basic
D:3:      layout_basic, mainiacjoe_overflow_alcove_4, gammafunk_ghost_arena
D:4:      layout_gridville, mainiacjoe_overflow_cross_hatched,
          lightli_sewer_entry_pipes
D:5:      layout_basic, nicolae_ossuary_entry_giza, uniq_prince_ribbit1
D:6:      layout_loops_ring, marbit_many_paths
D:7:      cheibrodos_statue_roulette, layout_basic, kennysheep_orc_sif_temple,
          mainiacjoe_overflow_24_doors, vehumet_statue,
          minmay_temple_entry_enclosed_plants, minmay_misc_feat_square,
          minivault_5

Skill      XL: |  1  2  3  4  5  6  7  8  9 |
---------------+----------------------------+-----
Long Blades    | 4 5 6 7 9 10 | 10.3
Armour         | 1 2 3 5 6 8 9 |  9.3
Fighting       | 3 4 5 6 8 9 |  9.6
Throwing       | |  2.0
Dodging        | |  3.2

Action                   |  1- 3 |  4- 6 |  7- 9 || total
-------------------------+-------+-------+-------++-------
Melee: Long sword        |    64 |   100 |   210 ||   374
       Headbutt          |    10 |    25 |    57 ||    92
       War axe           |       |       |    21 ||    21
Throw: Boomerang         |       |     2 |       ||     2
  Use: Scroll            |     1 |     8 |     8 ||    17
       Potion            |       |       |     1 ||     1
Armor: Leather armour    |    23 |    22 |    39 ||    84
Dodge: Dodged            |    52 |    47 |   111 ||   210
       Rpst.: Long sword |    10 |    11 |    23 ||    44
